 Dungeon Crawl Stone Soup version 0.30.1-6-gbe392663c4 (webtiles) character file.

Game seed: 12752380308301699364

301 Ivernyr the Slasher (level 6, -11/32 HPs)
             Began as a Vine Stalker Gladiator on Sept 20, 2023.
             Mangled by an orc warrior
             ... wielding a +0 short sword
              (13 damage)
             ... in the Ecumenical Temple.
             The game lasted 00:04:31 (2720 turns).

Ivernyr the Slasher (Vine Stalker Gladiator)        Turns: 2720, Time: 00:04:31

Health: -11/32     AC:  6    Str: 17    XL:     6   Next: 37%
Magic:  0/7        EV: 13    Int:  8    God:
Gold:   209        SH:  0    Dex: 17    Spells: 5/5 levels left

rFire   . . .        a - +0 long sword
rCold   . . .        (no shield)
rNeg    + . .        b - +0 leather armour
rPois   .            c - +0 helmet
rElec   .            i - +0 cloak
rCorr   .            (no gloves)
SInv    +            p - +0 pair of boots
Will    .....        (no amulet)
Stlth   +            h - ring of positive energy
HPRegen 1.05/turn    t - ring of see invisible
MPRegen 0.10/turn

%: guardian spirit
@: no status effects
A: fangs 2, regeneration 1, magic shield, antimagic bite, no potion heal 2
a: no special abilities


You were in the Ecumenical Temple.
You visited 2 branches of the dungeon, and saw 5 of its levels.

You collected 209 gold pieces.

Inventory:

Hand Weapons
 a - a +0 long sword (weapon)
Missiles
 d - 3 throwing nets (quivered)
 e - a javelin
Armour
 b - a +0 leather armour (worn)
 c - a +0 helmet (worn)
 i - a +0 cloak (worn)
 p - a +0 pair of boots (worn)
Jewellery
 h - a ring of positive energy (left hand)
 t - a ring of see invisible (right hand)
 x - a ring of willpower
Wands
 w - a wand of polymorph (3)
Scrolls
 g - a scroll of brand weapon {unknown}
 j - 2 scrolls of teleportation {unknown}
 k - a scroll of amnesia {unknown}
 n - 2 scrolls of immolation {unknown}
 v - 2 scrolls of identify {unknown}
Potions
 f - 4 potions of might {unknown}
 l - 2 potions of flight {unknown}
 m - a potion of magic {unknown}
 o - 2 potions of heal wounds {unknown}
 q - a potion of curing {unknown}
 r - a potion of resistance {unknown}
 s - a potion of lignification {unknown}
 u - a potion of haste {unknown}


   Skills:
 + Level 3.0 Fighting
 * Level 4.5 Long Blades
 - Level 1.7 Throwing
 + Level 2.0 Armour
 + Level 3.3 Dodging


You had 5 spell levels left.
You didn't know any spells.
Your spell library was empty.

Dungeon Overview and Level Annotations

Branches:
Dungeon (4/15)             Temple (1/1) D:4

Altars:
Cheibriados
Elyvilon
Fedhas
Gozag
Hepliaklqana
Kikubaaqudgha
Makhleb
Nemelex Xobeh
Ru
Sif Muna
Uskayaw
Wu Jian
Xom
The Shining One


Innate Abilities, Weirdness & Mutations

You have extremely sharp teeth.
Your natural rate of healing is unusually fast.
When hurt, damage is shared between your health and your magic reserves.
Your bite disrupts and absorbs the magic of your enemies.
Potions cannot restore your health.


Message History

The orc warrior barely misses you.
You barely miss the orc warrior. You bite the orc warrior. You drain its power.
You feel invigorated.
The orc warrior is severely wounded.
The orc warrior hits you with a +0 short sword.
The orc wizard gestures wildly while chanting.
The orc wizard flickers and vanishes for a moment.
There is a staircase to the Ecumenical Temple here.
You can't go up here!
The orc warrior barely misses you.
You climb downwards.
Welcome back to the Ecumenical Temple!
There is a staircase back to the Dungeon here.
The orc warrior throws a boomerang.
The boomerang closely misses you.
The orc warrior throws a boomerang.
The boomerang hits you but does no damage.
The orc warrior throws a boomerang.
The boomerang misses you.
There is a fountain of sparkling water here.
The orc warrior throws a boomerang.
The boomerang hits you.
You hit the orc warrior but do no damage.
The orc warrior is severely wounded.
The orc warrior barely misses you.
You closely miss the orc warrior. Your punch misses the orc warrior.
You bite the orc warrior, but do no damage.
The orc warrior is severely wounded.
The orc warrior hits you with a +0 short sword.
You barely miss the orc warrior. Your bite misses the orc warrior.
The orc warrior is severely wounded.
The orc warrior barely misses you.
You hit the orc warrior but do no damage.
The orc warrior is severely wounded.
The orc warrior hits you with a +0 short sword.
The orc warrior hits you with a +0 short sword!
You completely miss the orc warrior.
The orc warrior is severely wounded.
The orc warrior hits you with a +0 short sword.
The orc warrior hits you with a +0 short sword!
* * * LOW HITPOINT WARNING * * *
The orc warrior attacks as you move away!
The orc warrior hits you with a +0 short sword!
You die...

.≈≈≈.≈≈##≈≈.≈≈≈.....≈≈≈≈≈≈≈
.≈≈≈≈.≈≈≈≈.≈≈≈≈.....≈≈≈≈≈≈≈
.≈≈≈≈≈.≈≈.≈≈≈≈≈.....≈≈≈≈≈≈≈
..≈≈≈≈.≈≈.≈≈≈≈......≈≈≈≈≈≈≈
.......≈≈...........≈≈≈≈≈≈≈
......≈≈≈≈.......<..≈≈≈≈≈≈≈
.......≈≈...........≈≈≈≈≈≈≈
..≈≈≈≈.≈≈.≈≈≈≈......≈≈≈≈≈≈≈
.≈≈≈≈≈.≈≈.≈≈≈≈≈.@o..≈≈≈≈≈≈≈
.≈≈≈≈.≈≈≈≈.≈≈≈≈.....≈≈≈≈≈≈≈
.≈≈≈.≈≈##≈≈.≈≈≈.....≈≈≈≈≈≈≈
.≈≈≈.≈####≈.≈≈≈..⌠..≈≈≈≈≈≈≈
.≈≈≈.≈≈##≈≈.≈≈≈.....≈≈≈≈≈≈≈
.≈≈≈≈.≈≈≈≈.≈≈≈≈.....≈≈≈≈≈≈≈
≈≈≈≈≈≈....≈≈≈≈≈≈...≈≈≈≈≈≈≈≈
≈≈≈≈≈≈≈≈≈≈≈≈≈≈≈≈≈≈≈≈≈≈≈≈≈≈≈
≈≈≈≈≈≈≈≈≈≈≈≈≈≈≈≈≈≈≈≈≈≈≈≈≈≈≈


You could see an orc warrior.

Vanquished Creatures
  Grinder (D:3)
  Jessica (D:3)
  A gnoll (D:1)
  4 adders
  A dart slug (D:1)
  An orc (D:4)
  4 endoplasms
  3 giant cockroaches
  2 goblins (D:2)
  5 hobgoblins
  9 kobolds
  2 quokkas
  5 ball pythons
  2 bats
  5 frilled lizards
  6 rats
52 creatures vanquished.

Notes
Turn   | Place    | Note
-------+----------+-------------------------------------------
     0 | D:1      | Ivernyr the Vine Stalker Gladiator began the quest for the
                  | Orb.
     0 | D:1      | Reached XP level 1. HP: 11/11 MP: 2/2
    44 | D:1      | Reached skill level 3 in Long Blades
    44 | D:1      | Reached XP level 2. HP: 11/15 MP: 1/3
   241 | D:1      | Reached XP level 3. HP: 18/18 MP: 4/4
  1054 | D:2      | You fall into a shaft and drop 1 floor!
  1093 | D:3      | Reached skill level 1 in Armour
  1093 | D:3      | Gained mutation: Your natural rate of healing is unusually
                  | fast. [Vine Stalker growth]
  1093 | D:3      | Reached XP level 4. HP: 19/23 MP: 3/5
  1377 | D:3      | Found a sparkling altar of Nemelex Xobeh.
  1552 | D:3      | Noticed Jessica
  1559 | D:3      | Killed Jessica
  1692 | D:3      | Noticed Grinder
  1702 | D:3      | HP: 1/23 [Grinder (5)]
  1717 | D:3      | Paralysed by Grinder for 5 turns
  1737 | D:3      | Killed Grinder
  1738 | D:3      | Reached skill level 4 in Long Blades
  1738 | D:3      | Reached XP level 5. HP: 25/28 MP: 3/6
  1738 | D:3      | Reached XP level 6. HP: 29/32 MP: 3/7
  2079 | D:3      | Found an ornate altar of the Wu Jian Council.
  2410 | D:4      | Found a staircase to the Ecumenical Temple.
  2432 | Temple   | Entered the Ecumenical Temple
  2685 | D:4      | Noticed an orc warrior
  2720 | Temple   | Mangled by an orc warrior

Illustrated notes

Levels and vault maps discovered:
D:1:      roderic_crossed_star, layout_rooms, serial_bayou, serial_bayou_ford_a,
          serial_bayou_pond_d, serial_bayou_pond_e, serial_bayou_pond_d
D:2:      layout_loops_ring, kennysheep_nondescript, supply_closet_lemuel
D:3:      layout_basic, nemelex_xobeh_ov_fountains_minmay,
          general_overflow_altar, uniq_grinder, uniq_jessica
D:4:      layout_loops_corners, mainiacjoe_overflow_cross_hatched,
          minmay_temple_entry_mini_moons, serial_rivers,
          chequers_serial_rivers_large_a, chequers_serial_rivers_room_b,
          chequers_serial_rivers_micro_a, chequers_serial_rivers_room_a
Temple:   minmay_temple_bridge_abc

Skill      XL: |  1  2  3  4 |
---------------+-------------+-----
Fighting       | 2 3 |  3.0
Long Blades    | 3 4 |  4.5
Armour         | 1 2 |  2.0
Dodging        | 3 |  3.3
Throwing       | |  1.7

Action                     |  1- 3 |  4- 6 || total
---------------------------+-------+-------++-------
  Melee: Long sword        |    81 |    79 ||   160
         Bite              |    19 |    19 ||    38
   Stab: Distracted        |     1 |       ||     1
         Sleeping          |       |     3 ||     3
 Armour: Leather armour    |    30 |    15 ||    45
  Dodge: Dodged            |    61 |    47 ||   108
